 Dungeon Crawl Stone Soup version 0.21.1-1-g345015f (webtiles) character file.

5450 Mirai the Geomancer (level 10, -7/51 HPs)
             Began as a Gargoyle Earth Elementalist on Feb 23, 2018.
             Was a Believer of Vehumet.
             Mangled by a killer bee (9 damage)
             ... on level 1 of the Lair of Beasts.
             The game lasted 00:45:46 (9592 turns).

Mirai the Geomancer (Gargoyle Earth Elementalist)   Turns: 9592, Time: 00:45:47

Health: -7/51      AC: 17    Str: 17    XL:     10   Next: 68%
Magic:  9/24       EV: 11    Int: 21    God:    Vehumet [**....]
Gold:   392        SH:  0    Dex: 10    Spells: 20/29 levels left

rFire    + . .     SeeInvis .   a - +7 short sword of Deiwn {pierce, rElec rF+ Str+2 Int+2}
rCold    . . .     Gourm    .   (no shield)
rNeg     + . .     Faith    .   t - +3 leather armour "Olessew" {+Blink rPois Str+3}
rPois    ∞         Spirit   .   A - +1 helmet
rElec    +         Reflect  .   (no cloak)
rCorr    .         Harm     .   o - +0 pair of gloves
MR       +....                  w - +0 pair of boots
Stlth    ++........             (no amulet)
HPRegen  0.17/turn              m - ring of protection from magic
MPRegen  0.19/turn              (no ring)

@: no status effects
A: negative energy resistance 1, electricity resistance, unbreathing,
petrification resistance, rot immunity, AC +7
a: Renounce Religion, Evoke Blink


You were on level 1 of the Lair of Beasts.
You worshipped Vehumet.
Vehumet was pleased with you.
You were hungry.

You visited 3 branches of the dungeon, and saw 10 of its levels.

You collected 392 gold pieces.

Inventory:

Hand Weapons
 a - the +7 short sword of Deiwn (weapon) {pierce, rElec rF+ Str+2 Int+2}
   (You took it off an orc on level 5 of the Dungeon)

   It inflicts extra damage upon your enemies.
   It affects your strength (+2).
   It affects your intelligence (+2).
   It protects you from fire.
   It insulates you from electricity.
 c - the +5 hand axe of Mudooh {drain, rElec Int+3, unknown}
   (You found it on level 8 of the Dungeon)

   A truly terrible weapon, it drains the life of those it strikes.
   It affects your intelligence (+3).
   It insulates you from electricity.
Missiles
 b - 269 stones (quivered)
Armour
 i - a +2 leather armour of cold resistance
 k - a +0 robe
 o - a +0 pair of gloves (worn)
 t - the +3 leather armour "Olessew" (worn) {+Blink rPois Str+3}
   (You found it on level 6 of the Dungeon)

   It affects your strength (+3).
   It protects you from poison.
   It lets you blink.
 w - a +0 pair of boots (worn)
 A - a +1 helmet (worn)
Jewellery
 m - a ring of protection from magic (left hand)
Wands
 f - a wand of paralysis (29)
Scrolls
 h - a scroll of remove curse
 l - 2 scrolls of immolation
 n - a scroll of amnesia
 q - 8 scrolls of identify
 u - a scroll of enchant armour
 v - a scroll of enchant weapon {unknown}
Potions
 g - a potion of might
 j - 2 potions of curing
Books
 e - a book of Geomancy

   Spells                             Type                      Level
   a - Sandblast                      Earth                        1
   b - Passwall                       Transmutation/Earth          2
   c - Stone Arrow                    Conjuration/Earth            3
   d - Petrify                        Transmutation/Earth          4
   e - Lee's Rapid Deconstruction     Earth                        5
Comestibles
 d - 21 rations
 p - 6 chunks of flesh


   Skills:
 + Level 0.8 Fighting
 + Level 1.8 Armour
 - Level 1.6 Dodging
 - Level 2.3 Stealth
 - Level 0.3 Unarmed Combat
 + Level 10.0 Spellcasting
 * Level 4.7 Conjurations
   Level 0.7 Transmutations
 + Level 12.2 Earth Magic
 + Level 0.7 Evocations


You had 20 spell levels left.
You knew the following spells:

 Your Spells              Type           Power        Failure   Level  Hunger
a - Sandblast             Erth           ######       1%          1    None
b - Stone Arrow           Conj/Erth      #####.       1%          3    None
c - Lee's Rapid Deconstr  Erth           ######....   1%          5    ####...


Dungeon Overview and Level Annotations

Branches:
Dungeon (8/15)             Temple (1/1) D:5            Lair (1/6) D:8

Altars:
Ashenzari
Cheibriados
Dithmenos
Elyvilon
Fedhas
Gozag
Hepliaklqana
Makhleb
Nemelex Xobeh
Okawaru
Qazlal
Sif Muna
Trog
Uskayaw
Vehumet
Wu Jian
Xom
Yredelemnul
Zin
Beogh

Shops:
D:7 ?

Annotations:
D:8 shugdite's ghost, novice MiFi


Innate Abilities, Weirdness & Mutations

You are resistant to torment.
Your stone body is resilient. (AC +7)
You are immune to poison.
You resist negative energy. (rN+)
You are resistant to electric shocks. (rElec)
You can survive without breathing.
You are immune to petrification.
You are immune to rotting.


Message History

b - 270 stones You hear an angry buzzing noise.
The killer bee stings you.
* * * LOW HITPOINT WARNING * * *
The queen bee calls on the killer bee to defend it!
The killer bee goes berserk!
The killer bee closely misses you.
Casting: Sandblast
Confirm with . or Enter, or press ? or * to list all spells.
Aiming: Sandblast
Press: ? - help, Shift-Dir - straight line, f/p - queen bee
Aim: a queen bee (almost dead)
The blast of sand hits the queen bee.
You kill the queen bee!
Vehumet accepts your kill.
You feel your power returning.
Your Spellcasting skill increases to level 10!
b - 269 stones The killer bee closely misses you.
The killer bee completely misses you. The killer bee stings you!
You die...

.....≈≈.............
..................
.#...........†...#
###P........†.#.#
#..... ##............#
#...... #.......†....#
.......
#.P..........###.......
#.####.y...............
#. #@...............#
#...............#
#.........<....#
##.............#
#..........#.....
###..............
#...............
..#..............
..................


You could see a killer bee (berserk).

Vanquished Creatures
  A hydra (D:8)
  A rime drake (Lair:1)
  A queen bee (Lair:1)
  2 dream sheep (D:8)
  2 yaks (D:8)
  3 sky beasts
  3 orc warriors
  An ice beast (D:8)
  A necrophage (D:8)
  2 phantoms (D:7)
  4 ogres
  A centaur (D:5)
  2 crocodiles (D:7)
  3 big kobolds (D:8)
  A bullfrog (Lair:1)
  2 scorpions
  15 killer bees
  A howler monkey (D:5)
  A bullfrog zombie (D:5)
  3 crimson imps
  3 hounds
  3 orc priests
  6 orc wizards
  3 jellies
  Terence (D:3)
  5 iguanas
  6 worker ants
  2 hound skeletons
  A worker ant zombie (D:5)
  Robin (D:4)
  2 adders (D:2)
  A shadow imp (D:5)
  An adder zombie (D:5)
  3 adder skeletons
  A worm (D:2)
  2 dart slugs (D:1)
  10 leopard geckos
  35 orcs
  9 bats
  4 giant cockroaches
  20 goblins
  8 hobgoblins
  10 jackals
  4 quokkas
  2 ball pythons (D:5)
  3 frilled lizards
  A jackal skeleton (D:7)
  11 kobolds
  2 leopard gecko skeletons (D:4)
  A quokka zombie (D:6)
  6 rats
217 creatures vanquished.

Vanquished Creatures (others)
  A giant cockroach (D:3)
  A fungus (Lair:1)
  A plant (D:8)
  5 toadstools (D:1)
8 creatures vanquished.

Grand Total: 225 creatures vanquished

Notes
Turn   | Place    | Note
-------+----------+-------------------------------------------
     0 | D:1      | Mirai the Gargoyle Earth Elementalist began the quest for the Orb.
     0 | D:1      | Reached XP level 1. HP: 10/10 MP: 3/3
   138 | D:1      | Reached XP level 2. HP: 15/15 MP: 1/5
   344 | D:1      | Reached skill level 4 in Earth Magic
   654 | D:1      | Reached XP level 3. HP: 20/20 MP: 1/6
   906 | D:1      | Learned a level 3 spell: Stone Arrow
  1344 | D:2      | Reached XP level 4. HP: 24/24 MP: 8/8
  1356 | D:2      | Reached skill level 5 in Earth Magic
  1371 | D:2      | Found a bloodstained altar of Trog.
  1848 | D:3      | Found a shattered altar of Ashenzari.
  1862 | D:3      | Found a shadowy altar of Dithmenos.
  1871 | D:3      | Found a deep blue altar of Sif Muna.
  1871 | D:3      | Noticed Terence
  1883 | D:3      | Killed Terence
  1883 | D:3      | Reached XP level 5. HP: 20/28 MP: 1/10
  1891 | D:3      | Found a basalt altar of Yredelemnul.
  1935 | D:3      | Found a shimmering altar of Xom.
  1935 | D:3      | Found a glowing silver altar of Zin.
  1936 | D:3      | Noticed an angel
  2226 | D:4      | Noticed an ogre
  2362 | D:4      | Reached skill level 6 in Earth Magic
  2362 | D:4      | Reached XP level 6. HP: 29/33 MP: 8/12
  2773 | D:4      | Noticed Robin
  2777 | D:4      | Killed Robin
  2799 | D:4      | Reached XP level 7. HP: 37/37 MP: 14/14
  3187 | D:4      | Reached skill level 5 in Spellcasting
  3187 | D:4      | Reached skill level 7 in Earth Magic
  3221 | D:4      | Learned a level 5 spell: Lee's Rapid Deconstruction
  3236 | D:5      | Entered Level 5 of the Dungeon
  3283 | D:5      | Found a runed door.
  3574 | D:5      | Got a shimmering short sword {pierce}
  3819 | D:5      | Found a staircase to the Ecumenical Temple.
  3838 | Temple   | Entered the Ecumenical Temple
  3862 | Temple   | Became a worshipper of Vehumet
  4155 | D:5      | Reached skill level 1 in Conjurations
  4177 | D:5      | Reached skill level 8 in Earth Magic
  4177 | D:5      | Reached XP level 8. HP: 23/42 MP: 1/17
  5025 | D:5      | Identified the +7 short sword of Deiwn {pierce, rElec rF+ Str+2 Int+2} (You took it off an orc on level 5 of the Dungeon)
  5183 | D:5      | Reached * piety under Vehumet
  5183 | D:5      | Offered knowledge of Magic Dart by Vehumet.
  5227 | D:5      | Found a roughly hewn altar of Beogh.
  5405 | D:6      | Found a blossoming altar of Fedhas.
  5476 | D:6      | Reached skill level 9 in Earth Magic
  5934 | D:6      | Found an iron altar of Okawaru.
  5952 | D:6      | Got a bloodstained leather armour
  6083 | D:6      | Identified the +3 leather armour "Olessew" {+Blink rPois Str+3} (You found it on level 6 of the Dungeon)
  6254 | D:7      | Reached XP level 9. HP: 43/46 MP: 19/19
  6623 | D:7      | Found a bloodstained altar of Trog.
  6744 | D:7      | Reached skill level 10 in Earth Magic
  6882 | D:7      | Found Lesixos's Magic Scroll Shop.
  7176 | D:8      | Noticed shugdite's ghost (novice MiFi)
  7480 | D:8      | Offered knowledge of Searing Ray by Vehumet.
  7663 | D:8      | Reached ** piety under Vehumet
  7669 | D:8      | Reached skill level 11 in Earth Magic
  8075 | D:8      | Found a burning altar of Makhleb.
  8132 | D:8      | Found a staircase to the Lair.
  8198 | D:8      | Got a sapphire hand axe
  8542 | D:8      | Noticed a three-headed hydra
  8550 | D:8      | Reached XP level 10. HP: 40/51 MP: 16/23
  8570 | D:8      | Killed a three-headed hydra
  9443 | D:8      | Reached skill level 12 in Earth Magic
  9549 | Lair:1   | Entered Level 1 of the Lair of Beasts
  9562 | Lair:1   | Reached skill level 1 in Armour
  9586 | Lair:1   | HP: 2/51 [queen bee (9)]
  9591 | Lair:1   | HP: 2/51 [killer bee (1)]
  9592 | Lair:1   | Reached skill level 10 in Spellcasting
  9592 | Lair:1   | Mangled by a killer bee

Skill      XL: |  1  2  3  4  5  6  7  8  9 10 |
---------------+-------------------------------+-----
Earth Magic    | 4 5 6 8 9 11 12 | 12.2
Spellcasting   | 3 4 6 7 9 10 | 10.0
Conjurations   | 1 3 4 |  4.7
Armour         | 1 |  1.8
Fighting       | |  0.8
Dodging        | |  1.6
Stealth        | |  2.3
Unarmed Combat | |  0.3
Transmutations | |  0.7
Evocations     | |  0.7

Action                   |  1- 3 |  4- 6 |  7- 9 | 10-12 || total
-------------------------+-------+-------+-------+-------++-------
Melee: Unarmed           |    17 |       |       |       ||    17
       Short sword       |     6 |    85 |   128 |    23 ||   242
 Cast: Sandblast         |    68 |    56 |    99 |    11 ||   234
       Stone Arrow       |       |       |    52 |    11 ||    63
       Lee's Rapid Decon |       |       |    14 |    11 ||    25
 Abil: Evoke Blink       |       |       |     3 |     1 ||     4
  Use: Scroll            |       |       |    12 |       ||    12
       Potion            |       |       |     8 |     2 ||    10
 Stab: Sleeping          |       |     1 |       |       ||     1
  Eat: Chunk             |     2 |     5 |    17 |     1 ||    25
       Ration            |       |       |     2 |     1 ||     3
Armor: Robe              |    27 |    38 |    48 |       ||   113
       Leather armour    |       |       |    49 |    59 ||   108
Dodge: Dodged            |    58 |    98 |   154 |    64 ||   374
